 Dungeon Crawl Stone Soup version 0.24.1-4-ge52af88ad5 (webtiles) character file.

Game seed: 1803550185245572516, levelgen mode: deterministic

4 MajorAdolf the Magician (level 1, 0/15 HPs)
             Began as a Naga Wanderer on Apr 12, 2020.
             Slain by a jackal (1 damage)
             ... on level 1 of the Dungeon.
             The game lasted 00:01:29 (437 turns).

MajorAdolf the Magician (Naga Wanderer)              Turns: 437, Time: 00:01:30

Health: 0/15       AC:  3    Str: 15    XL:     1   Next: 70%
Magic:  4/4        EV:  8    Int: 10    God:
Gold:   12         SH:  0    Dex: 11    Spells: 6/6 levels left

rFire    . . .     SeeInvis +   (no weapon)
rCold    . . .     Gourm    .   (no shield)
rNeg     . . .     Faith    .   b - +0 ring mail
rPois    +         Spirit   .   (no helmet)
rElec    .         Reflect  .   (no cloak)
rCorr    .         Harm     .   (no gloves)
MR       .....                  (no barding)
Stlth    +.........             (no amulet)
HPRegen  0.05/turn              (no ring)
MPRegen  0.09/turn              (no ring)

@: short of breath, very slow
A: large, see invisible, deformed body, poison resistance, slowness 2, slow
metabolism 1, spit poison 1, AC +0
a: Spit Poison


You were on level 1 of the Dungeon.
You were not hungry.

You visited 1 branch of the dungeon, and saw 1 of its levels.

You collected 12 gold pieces.

Inventory:

Missiles
 a - 4 stones (quivered)
Armour
 b - a +0 ring mail (worn)
 d - a +0 robe
Comestibles
 f - 2 rations


   Skills:
 - Level 1.0 Throwing
 + Level 1.0 Armour
 - Level 1.5 Stealth
 - Level 3.0 Spellcasting
   Level 2.0 Charms
   Level 2.0 Summonings
   Level 1.0 Fire Magic


You had 6 spell levels left.
You didn't know any spells.
Your spell library contained the following spells:

 Spells                   Type           Power        Failure   Level  Hunger
 Summon Butterflies       Summ           #.......     24%         1    #......
 Call Imp                 Summ           #.......     36%         2    ###....
 Freeze                   Ice            #...         50%         1    #......
 Magic Dart               Conj           #...         50%         1    #......
 Blink                    Tloc           N/A          63%         2    ###....
 Slow                     Hex            #.......     63%         2    ###....
 Ozocubu's Armour         Chrm/Ice       #.......     73%         3    ###....
 Summon Guardian Golem    Hex/Summ       #.......     73%         3    ###....
 Conjure Flame            Conj/Fire      #.......     80%         3    ###....
 Mephitic Cloud           Conj/Pois/Air  #.......     86%         3    ###....


Dungeon Overview and Level Annotations

Branches:
Dungeon (1/15)

Altars:


Innate Abilities, Weirdness & Mutations

You cannot wear boots.
Your serpentine skin is tough. (AC +0)
You have supernaturally acute eyesight. (SInv)
Armour fits poorly on your strangely shaped body.
Your system is resistant to poisons. (rPois)
You cover ground very slowly.
You have a slow metabolism.
You can spit poison.


Message History

The jackal bites you but does no damage.
Press: ? - help, Shift-Dir - straight line, f - bat, p - jackal
Aim: a bat The splash of poison hits the jackal.
The jackal is almost dead.
You feel slightly more hungry. The jackal bites you.
* * * LOW HITPOINT WARNING * * *
Unknown command.
You aren't carrying any potions.
You aren't carrying any potions.
You aren't carrying any potions.
You aren't carrying any items that you can evoke.
Unknown command.
Okay, then.
Okay, then.
You closely miss the jackal.
The jackal is almost dead.
The jackal bites you but does no damage.
The jackal bites you.
You die...

#. .. #### #.###.... #
#....... ##.###.....#
##.
........#..######.......
#..............##.. ...
#@#........#># #..
..####h#...###..#.# #..
....h..b...........# #..
...####.#..#.......# #..
#.#..#..##...###..
#.#...........)...
#.##.#..##...####.
..##.#.......# .
####.#.......# .


You could see a jackal and a bat.

Vanquished Creatures
  A giant cockroach (D:1)
  A bat (D:1)
  A frilled lizard (D:1)
  A kobold (D:1)
  2 rats (D:1)
6 creatures vanquished.

Notes
Turn   | Place    | Note
-------+----------+-------------------------------------------
     0 | D:1      | MajorAdolf the Naga Wanderer began the quest for the Orb.
     0 | D:1      | MajorAdolf set off with the following items: a +0 club, a
                  | +0 robe, a ration; and the following spells available to
                  | memorise: Summon Butterflies, Call Imp, Freeze, Magic Dart,
                  | Blink, Slow, Ozocubu's Armour, Summon Guardian Golem,
                  | Conjure Flame, Mephitic Cloud
     0 | D:1      | Reached XP level 1. HP: 15/15 MP: 4/4
   419 | D:1      | Reached skill level 1 in Armour
   437 | D:1      | Slain by a jackal

Levels and vault maps discovered:
D:1:      dpeg_arrival_rooms_a, layout_loops_ring

Skill      XL: |  1 |
---------------+----+-----
Armour         | 1 |  1.0
Throwing       | |  1.0
Stealth        | |  1.5
Spellcasting   | |  3.0
Charms         | |  2.0
Summonings     | |  2.0
Fire Magic     | |  1.0

Action                   || total
-------------------------++-------
Melee: Unarmed           ||    36
 Abil: Spit Poison       ||    10
Armor: Ring mail         ||     6
       Robe              ||     5
Dodge: Dodged            ||    24
